 Dungeon Crawl Stone Soup version 0.28.0-53-g5a82cb258f (webtiles) character file.

Game seed: 15163652005165950555

245 Icepheonix32 the Chiller (level 5, -4/35 HPs)
             Began as a Demonspawn Ice Elementalist on May 27, 2022.
             Slain by a two-headed ogre
             ... wielding a +0 giant club
              (6 damage)
             ... on level 4 of the Dungeon.
             The game lasted 00:08:10 (4735 turns).

Icepheonix32 the Chiller (DsIE)                     Turns: 4735, Time: 00:08:10

Health: -4/35      AC: 12    Str:  8    XL:     5   Next: 83%
Magic:  4/8        EV: 12    Int: 16    God:
Gold:   47         SH:  0    Dex: 16    Spells: 1/8 levels left

rFire   . . .      SeeInvis .   o - +4 short sword (freeze)
rCold   . . .      Faith    .   (no shield)
rNeg    . . .      Spirit   .   a - +0 robe
rPois   .          Reflect  .   (helmet restricted)
rElec   .          Harm     .   (no cloak)
rCorr   .          Rampage  .   (no gloves)
Will    .....                   (no boots)
Stlth   ++........              (no amulet)
HPRegen 0.11/turn               f - +4 ring of protection
MPRegen 0.11/turn               b - +4 ring of slaying

@: ice-armoured
A: antennae 1, foul stench 2
a: no special abilities


You were on level 4 of the Dungeon.
You visited 2 branches of the dungeon, and saw 5 of its levels.

You collected 47 gold pieces.

Inventory:

Hand Weapons
 d - a +0 dagger
 g - a +0 spear
 o - a +4 short sword of freezing (weapon)
 s - a +0 hunting sling
Missiles
 e - 27 sling bullets
 q - 5 javelins
Armour
 a - a +0 robe (worn)
Jewellery
 b - a +4 ring of slaying (right hand)
 f - a +4 ring of protection (left hand)
Wands
 i - a wand of paralysis (8)
Scrolls
 c - a scroll of enchant weapon {unknown}
 h - 2 scrolls of identify {unknown}
 j - a scroll of teleportation {unknown}
Potions
 k - 2 potions of lignification
 l - 3 potions of curing {unknown}
 m - 2 potions of mutation {unknown}
 n - a potion of brilliance {unknown}
 p - a potion of might {unknown}
 r - a potion of attraction {unknown}


   Skills:
 - Level 1.7 Dodging
 + Level 2.6 Stealth
 - Level 2.0 Spellcasting
 + Level 6.2 Ice Magic


You had one spell level left.
You knew the following spells:

 Your Spells              Type           Power      Damage    Failure   Level
a - Freeze                Ice            84%        1d10      1%          1
b - Ozocubu's Armour      Ice            21%        N/A       4%          3
c - Frozen Ramparts       Ice            42%        1d6       4%          3

Your spell library contained the following spells:

 Spells                   Type           Power      Damage    Failure   Level
 Sandblast                Erth           2%         2d4       21%         1
 Passwall                 Tmut/Erth      0%         N/A       30%         2
 Static Discharge         Conj/Air       1%         N/A       30%         2
 Hailstorm                Conj/Ice       11%        3d5       50%         4
 Call Canine Familiar     Summ           1%         N/A       52%         3
 Inner Flame              Hex/Fire       1%         N/A       52%         3
 Portal Projectile        Hex/Tloc       2%         N/A       52%         3
 Stone Arrow              Conj/Erth      2%         3d7       52%         3
 Cause Fear               Hex            0%         N/A       90%         4
 Dispel Undead            Necr           1%         3d6       90%         4
 Leda's Liquefaction      Hex/Erth       0%         N/A       90%         4
 Sticky Flame             Conj/Fire      1%         2d3       90%         4
 Discord                  Hex            0%         N/A       100%        8


Dungeon Overview and Level Annotations

Branches:
Dungeon (4/15)             Temple (1/1) D:4

Altars:
Ashenzari
Cheibriados
Dithmenos
Elyvilon
Fedhas
Gozag
Hepliaklqana
Kikubaaqudgha
Makhleb
Okawaru
Qazlal
Ru
Sif Muna
Trog
Uskayaw
Vehumet
Wu Jian
Xom
Yredelemnul
Zin
The Shining One

Shops:
D:3 (

Annotations:
D:2 Sigmund


Innate Abilities, Weirdness & Mutations

You have a pair of small antennae on your head.
You sometimes emit foul miasma when damaged in melee.


Message History

You see here a scorpion corpse.
You sense a monster nearby.
An adder comes into view.
An adder is nearby!
The helpless adder fails to defend itself.
You puncture the adder!
The adder seems to slow down.
You freeze the adder.
You kill the adder!
Okay, then.
Unknown command.
You sense a monster nearby.
A two-headed ogre comes into view. It is wielding two +0 giant clubs.
A two-headed ogre is nearby!
The helpless two-headed ogre fails to defend itself.
You puncture the two-headed ogre! You freeze the two-headed ogre.
The two-headed ogre is moderately wounded.
The two-headed ogre hits you with a +0 giant club!
The two-headed ogre hits you with a +0 giant club.
You emit a cloud of foul miasma!
Casting: Freeze (safe; 1% risk of failure)
Confirm with . or Enter, or press ? or * to list all spells.
A film of ice covers your body!
Unknown command.
You puncture the two-headed ogre! You freeze the two-headed ogre.
The two-headed ogre is heavily wounded.
The two-headed ogre is engulfed in dark miasma.
The two-headed ogre is poisoned.
The two-headed ogre hits you with a +0 giant club!
* * * LOW HITPOINT WARNING * * *
The two-headed ogre barely misses you.
Casting: Ozocubu's Armour (dangerous; 4% risk of failure)
Confirm with . or Enter, or press ? or * to list all spells.
Aiming: Freeze (safe; 1% risk of failure)
Press: ? - help, Shift-Dir - straight line, f - two-headed ogre
Aim: a two-headed ogre, wielding two +0 giant clubs (foul pestilence, severely wounded, poisoned)
You freeze the two-headed ogre.
The two-headed ogre is severely wounded.
The two-headed ogre is engulfed in dark miasma.
The two-headed ogre looks even sicker.
The two-headed ogre closely misses you.
The two-headed ogre hits you with a +0 giant club.
You die...

...............# ##############.#
#.# ######.### ### ######
#....#.#.. ... .....# #.##.#.#.#
#.# .....####.##.#.#.# #.#
.............#.#O# #.#
.....####.####.#@############.###
#######>.........................
#...#####.###############.###.###
#<...........# #.........
#...#####.##.###########...###...
.................................
...######.##.###########.#.###...
....# .... # #.#.###... ....# ...
#.#..##...


You could see a two-headed ogre (very poisoned).

Vanquished Creatures
  A scorpion (D:4)
  A jelly (D:4)
  Terence (D:2)
  A hound skeleton (D:4)
  4 adders
  4 worms
  3 dart slugs
  3 orcs
  2 bats
  3 endoplasms
  2 giant cockroaches (D:4)
  8 goblins
  5 hobgoblins
  7 jackals
  2 quokkas
  4 ball pythons
  A frilled lizard (D:2)
  4 kobolds
  7 rats
63 creatures vanquished.

Vanquished Creatures (others)
  4 toadstools (D:2)
4 creatures vanquished.

Grand Total: 67 creatures vanquished

Notes
Turn   | Place    | Note
-------+----------+-------------------------------------------
     0 | D:1      | Icepheonix32 the Demonspawn Ice Elementalist began the
                  | quest for the Orb.
     0 | D:1      | Reached XP level 1. HP: 13/13 MP: 3/3
   254 | D:1      | Reached skill level 4 in Ice Magic
   269 | D:1      | Found a faded altar of an unknown god.
   281 | D:1      | Gained mutation: You may rarely emit foul miasma when
                  | damaged in melee. [demonic ancestry]
   281 | D:1      | Reached XP level 2. HP: 12/19 MP: 1/5
   977 | D:2      | Noticed Sigmund
  1679 | D:2      | Reached XP level 3. HP: 20/24 MP: 4/6
  1727 | D:2      | Noticed Terence
  1911 | D:2      | Killed Terence
  1912 | D:2      | Reached skill level 5 in Ice Magic
  1912 | D:2      | Gained mutation: You sometimes emit foul miasma when
                  | damaged in melee. [demonic ancestry]
  1912 | D:2      | Reached XP level 4. HP: 21/30 MP: 1/7
  2002 | D:2      | Learned a level 3 spell: Ozocubu's Armour
  2006 | D:2      | Learned a level 3 spell: Frozen Ramparts
  3052 | D:3      | Found Loenang's Antique Weapon Emporium.
  3760 | D:4      | Gained mutation: You have a pair of small antennae on your
                  | head. [demonic ancestry]
  3760 | D:4      | Reached XP level 5. HP: 35/35 MP: 8/8
  3987 | D:4      | Found a staircase to the Ecumenical Temple.
  4009 | Temple   | Entered the Ecumenical Temple
  4472 | D:4      | Reached skill level 6 in Ice Magic
  4730 | D:4      | Noticed a two-headed ogre
  4735 | D:4      | Slain by a two-headed ogre

Illustrated notes

Levels and vault maps discovered:
D:1:      saegor_arrival_simple_d, layout_rooms,
          shapermc_ecumenical_altar_acropolis
D:2:      cheibrodos_fertilizer, layout_basic, serial_rivers,
          chequers_serial_rivers_micro_b, chequers_serial_rivers_micro_c,
          chequers_serial_rivers_micro_a, chequers_serial_rivers_micro_b,
          uniq_terence, uniq_sigmund
D:3:      kb_forest_paths, layout_basic, serial_shops, shop, minmay_between
D:4:      layout_basic, minmay_temple_entry_overgrown, nrook_uturn, uniq_natasha
Temple:   minmay_crystal_snake_temple

Skill      XL: |  1  2  3  4  5 |
---------------+----------------+-----
Ice Magic      | 4 5 6 |  6.2
Stealth        | 2 |  2.6
Dodging        | |  1.7
Spellcasting   | |  2.0

Action                   |  1- 3 |  4- 6 || total
-------------------------+-------+-------++-------
Melee: Unarmed           |     1 |       ||     1
       Dagger            |    71 |    51 ||   122
       Punch             |     1 |     2 ||     3
       Short sword       |       |    30 ||    30
 Cast: Freeze            |    37 |    15 ||    52
       Ozocubu's Armour  |       |     2 ||     2
  Use: Scroll            |     2 |       ||     2
       Potion            |     2 |       ||     2
 Stab: Sleeping          |     1 |     9 ||    10
Armor: Robe              |    49 |    26 ||    75
       Skin              |    19 |       ||    19
Dodge: Dodged            |    77 |    33 ||   110
